Map: Orbital Shipyard

Players

HeadCrab

  • Race: Protoss Protoss

Gracz

  • Race: Protoss Protoss

Overlord

  • Race: Zerg Zerg

ForwOOd

  • Race: Zerg Zerg

VOD

Have the link to the VOD?

Description

Time

  • Played on: March 7, 2016, 2:34 p.m.
  • Length: 24:09
Show
View Real Time Build Order
Export as new Build Order

HeadCrab Protoss 

Build Orders:  

Get SALT Encoding   

  12  0:02  Probe (Chrono Boost)  
  13  0:13  Probe (Chrono Boost)  
  14  0:20  Pylon  
  14  0:32  Probe (Chrono Boost)  
  15  0:43  Probe (Chrono Boost)  
  15  0:46  Assimilator  
  15  0:48  Gateway  
  16  0:55  Gateway  
  16  1:03  Pylon, Probe (Chrono Boost)  
  17  1:15  Gateway  
  17  1:19  Probe (Chrono Boost)  
  18  1:29  Pylon  
  18  1:31  Probe (Chrono Boost)  
  19  1:38  Assimilator  
  19  1:42  Assimilator  
  19  1:44  Probe (Chrono Boost)  
  20  1:47  Zealot  
  22  2:16  Nexus  
  22  2:23  Zealot  
  22  2:29  Probe (Chrono Boost)  
  25  2:35  Pylon  
  25  2:50  Assimilator  
  25  2:54  Cybernetics Core  
  25  3:02  Probe (Chrono Boost)  
  27  3:13  Probe (Chrono Boost)  
  27  3:23  Probe (Chrono Boost)  
  28  3:30  Probe (Chrono Boost)  
  28  3:34  Probe (Chrono Boost)  
  30  3:41  Probe (Chrono Boost)  
  31  3:44  Probe (Chrono Boost)  
  32  3:49  Assimilator  
  32  3:51  Probe (Chrono Boost)  
  32  3:52  Assimilator  
  32  3:54  Warp Gate  
  32  3:55  Probe (Chrono Boost)  
  34  4:02  Probe (Chrono Boost)  
  35  4:04  Pylon  
  35  4:05  Probe (Chrono Boost)  
  36  4:12  Probe (Chrono Boost)  
  36  4:15  Forge  
  36  4:16  Probe (Chrono Boost)  
  38  4:23  Probe (Chrono Boost)  
  39  4:27  Mothership Core (Chrono Boost)  
  41  4:33  Probe (Chrono Boost)  
  42  4:40  Stalker x2  
  42  4:44  Probe (Chrono Boost)  
  42  4:45  Probe (Chrono Boost)  
  47  4:53  Protoss Ground Weapons Level 1 (Chrono Boost)  
  47  4:55  Probe (Chrono Boost)  
  48  5:10  Stalker x2, Probe (Chrono Boost)  
  48  5:13  Probe (Chrono Boost)  
  54  5:25  Robotics Facility  
  54  5:30  Twilight Council  
  54  5:58  Gateway  
  54  5:59  Gateway  
  54  6:05  Gateway  
  54  6:07  Gateway  
  54  6:08  Pylon  
  54  6:12  Blink (Chrono Boost)  
  54  6:26  Probe x2, Immortal  
  60  6:38  Probe x2  
  62  6:42  Protoss Ground Weapons Level 2  
  62  7:20  Nexus  
  62  7:22  Nexus  
  62  7:28  Pylon  
  62  7:30  Pylon  
  62  7:33  Pylon  
  62  7:36  Pylon  
  62  7:39  Pylon  
  62  7:41  Pylon  
  62  7:46  Probe, Immortal  
  62  7:47  Assimilator  
  67  7:53  Assimilator  
  67  7:55  Stalker  
  67  7:56  Stalker x5  
  79  8:16  Pylon  
  79  8:20  Pylon x2  
  79  8:24  Charge (Chrono Boost)  
  79  8:26  Pylon  
  79  8:27  Stalker x2  
  79  8:28  Pylon  
  79  8:31  Stalker  
  79  8:32  Pylon  
  79  8:33  Probe  
  86  8:43  Probe, Protoss Ground Armor Level 1  
  86  8:47  Observer  
  88  9:06  Probe  
  88  9:08  Probe  
  88  9:09  Observer  
  91  9:12  Zealot x4  
  91  9:14  Zealot  
  101  9:18  Probe  
  101  9:21  Probe  
  103  9:28  Probe  
  103  9:30  Probe  
  105  9:33  Probe  
  105  9:38  Probe  
  106  9:39  Probe  
  106  9:42  Pylon, Probe  
  106  9:45  Pylon, Probe  
  110  9:48  Assimilator, Probe  
  110  9:49  Probe  
  112  9:53  Assimilator  
  112  9:54  Probe  
  112  9:57  Probe, Gateway  
  112  9:59  Probe, Gateway  
  114  10:00  Probe  
  114  10:05  Forge  
  116  10:08  Stalker x2  
  116  10:09  Probe  
  116  10:10  Probe  
  122  10:17  Protoss Ground Weapons Level 3  
  122  10:20  Probe  
  122  10:21  Immortal  
  127  10:28  Robotics Bay  
  127  10:34  Photon Cannon  
  127  10:36  Photon Cannon  
  127  10:38  Photon Cannon  
  127  10:49  Photon Cannon  
  127  10:51  Photon Cannon  
  127  10:54  Probe, Photon Cannon  
  128  11:06  Stalker  
  128  11:07  Stalker x2  
  127  11:20  Protoss Ground Armor Level 2 (Chrono Boost)  
  127  11:24  Extended Thermal Lance  
  127  11:26  Colossus  
  133  11:36  Stalker x2  
  133  11:37  Stalker  
  139  11:47  Robotics Facility  
  137  12:05  Stalker x3  
  137  12:06  Stalker  
  137  12:07  Stalker  
  137  12:08  Stalker x3  
  149  12:19  Warp Prism  
  151  12:29  Robotics Facility  
  151  12:44  Stalker  
  151  12:46  Adept  
  151  12:47  Adept  
  151  12:48  Dark Shrine  
  157  12:57  Protoss Shields Level 1 (Chrono Boost)  
  157  13:04  Observer Gravitic Boosters  
  157  13:26  Sentry x2  
  157  13:27  Sentry x6  
  173  13:46  Protoss Ground Armor Level 3 (Chrono Boost)  
  173  14:01  Gravitic Drive  
  173  14:14  Pylon  
  173  14:15  Pylon  
  173  14:21  Colossus  
  173  14:22  Colossus  
  141  14:33  Stalker x2, Zealot  
  141  14:34  Stalker, Zealot  
  109  15:14  Stargate, Colossus  
  85  15:16  Colossus  
  85  15:19  Stargate  
  93  15:23  Nexus  
  93  15:24  Dark Templar x6  
  93  15:25  Dark Templar x2  
  109  15:28  Pylon  
  109  15:30  Pylon  
  109  15:31  Pylon  
  109  15:33  Pylon  
  109  15:38  Gateway x2  
  109  15:39  Protoss Shields Level 2 (Chrono Boost)  
  109  15:40  Assimilator  
  109  15:46  Assimilator  
  103  16:04  Dark Templar x4  
  103  16:05  Dark Templar x4  
  119  16:12  Pylon  
  118  17:04  Nexus  
  118  17:14  Fleet Beacon  
  88  17:31  Pylon  
  88  17:37  Pylon  
  88  17:40  Stalker x5  
  88  17:41  Stalker x3  
  104  18:13  Protoss Shields Level 3 (Chrono Boost)  
  104  18:15  Nexus  
  104  18:26  Stalker x2  
  112  19:09  Phoenix  
  108  19:22  Phoenix  
  110  19:26  Mothership Core  
  112  19:34  Phoenix  
  112  19:35  Probe  
  115  19:46  Probe  
  115  19:47  Phoenix  
  117  19:57  Dark Templar  
  117  19:58  Dark Templar x2  
  121  20:00  Stalker x5  
  121  20:01  Stalker  
  121  20:02  Stalker  
  72  20:46  Stalker x3  
  72  20:47  Stalker x2  
  80  21:10  Observer  
  67  22:32  Observer  
  68  22:53  Observer  
Show
View Real Time Build Order
Export as new Build Order

Gracz Protoss 

Build Orders:  

Get SALT Encoding   

  12  0:02  Drone  
  14  0:14  Drone  
  14  0:31  Overlord  
  14  0:51  Extractor  
  13  1:00  Spawning Pool  
  12  1:29  Drone x3  
  15  1:48  Spine Crawler  
  15  1:50  Roach Warren, Queen  
  15  1:55  Zergling x4  
  17  2:03  Drone  
  18  2:34  Drone  
  18  2:35  Drone x2  
  21  3:07  Overlord  
  21  3:09  Drone  
  22  3:16  Hatchery  
  21  3:20  Overlord  
  21  3:26  Lair  
  23  3:34  Roach  
  23  3:35  Overlord  
  23  3:40  Roach  
  27  3:41  Roach  
  27  3:52  Roach  
  29  4:06  Extractor, Drone x2  
  30  4:19  Drone x4  
  34  4:30  Queen  
  36  4:35  Queen  
  38  4:44  Overseer  
  38  4:46  Ravager  
  38  4:52  Drone x3  
  42  4:58  Drone  
  42  4:59  Spore Crawler, Hatchery  
  41  5:04  Extractor  
  41  5:06  Overseer  
  40  5:11  Ravager  
  41  5:19  Drone  
  41  5:20  Drone  
  43  5:22  Extractor  
  46  5:28  Drone x5  
  46  5:29  Drone  
  49  5:37  Drone  
  49  5:38  Drone  
  49  5:39  Drone  
  52  5:47  Overlord  
  52  5:52  Overlord  
  52  6:07  Drone x8  
  60  6:17  Baneling Nest  
  59  6:25  Roach, Drone x3  
  62  6:26  Roach, Drone x2  
  62  6:31  Overseer  
  67  6:34  Queen  
  67  6:37  Overlord  
  69  6:43  Extractor  
  68  6:48  Spore Crawler  
  68  6:53  Spire  
  66  7:00  Glial Reconstitution  
  66  7:03  Evolution Chamber  
  66  7:05  Drone x2  
  66  7:06  Drone x2  
  66  7:07  Metabolic Boost  
  69  7:15  Extractor  
  68  7:20  Extractor  
  67  7:23  Overlord, Drone  
  67  7:24  Overlord  
  68  7:37  Nydus Network  
  67  7:58  Roach  
  67  7:59  Zergling x2  
  67  8:00  Roach, Zergling x4  
  67  8:01  Roach x4, Zergling x8  
  67  8:02  Roach, Zergling x2  
  89  8:09  Drone  
  90  8:25  Ravager  
  90  8:26  Ravager  
  92  8:32  Centrifical Hooks  
  90  8:53  Overlord x4  
  90  8:54  Overlord  
  90  8:55  Overlord  
  89  9:18  Zergling x10  
  89  9:19  Zergling x6  
  89  9:20  Roach  
  89  9:23  Ravager x4  
  89  9:24  Ravager x5  
  108  9:30  Zerg Missile Weapons Level 1  
  108  9:42  Infestation Pit  
  107  9:54  Drone  
  107  9:55  Roach x3, Drone x3  
  107  9:56  Roach x4, Drone x3  
  128  10:16  Zergling x2  
  128  10:17  Zergling x6  
  128  10:18  Zergling x4  
  128  10:19  Zergling x2  
  128  10:20  Zergling x4  
  128  10:21  Hive  
  137  10:24  Zergling x2  
  137  10:25  Hydralisk Den  
  137  10:31  Zergling x2  
  137  10:35  Overlord x4  
  138  10:36  Overlord  
  138  10:42  Hatchery  
  138  11:12  Ravager x8  
  146  11:19  Zergling x8  
  146  11:20  Zergling x8  
  146  11:21  Zergling x12  
  146  11:22  Zergling x2  
  146  11:24  Zergling x4  
  146  11:25  Zergling x8, Hatchery  
  167  11:27  Overlord x2  
  166  11:36  Drone x3  
  169  11:51  Baneling x2  
  169  11:52  Baneling x6  
  168  12:00  Baneling x3  
  167  12:03  Baneling x10  
  167  12:04  Baneling x3  
  167  12:05  Baneling x3  
  167  12:06  Baneling x5  
  163  12:10  Zergling x8  
  167  12:17  Corruptor  
  167  12:18  Corruptor  
  167  12:19  Hydralisk  
  173  12:24  Baneling  
  173  12:29  Baneling x2  
  173  12:30  Baneling x2, Muscular Augments  
  173  12:37  Baneling x3  
  173  12:59  Baneling x4, Pneumatized Carapace  
  173  13:00  Baneling x2  
  173  13:01  Baneling x2  
  173  13:02  Baneling  
  173  13:03  Baneling  
  173  13:04  Baneling x2  
  173  13:05  Baneling  
  173  13:06  Baneling  
  173  13:14  Zergling x2  
  173  13:15  Mutalisk x2, Zergling x2  
  173  13:16  Mutalisk x2  
  173  13:17  Mutalisk x3  
  189  13:26  Baneling x3  
  189  13:33  Hydralisk  
  189  13:34  Hydralisk x4  
  191  13:38  Baneling x2  
  199  13:43  Lurker Den  
  199  13:45  Zerg Missile Weapons Level 2  
  199  13:53  Evolution Chamber  
  196  14:06  Zergling x2  
  196  14:07  Mutalisk  
  189  14:25  Overseer  
  189  14:27  Lair  
  189  14:28  Overlord x2  
  189  14:29  Overlord  
  158  14:32  Overlord  
  158  14:33  Overlord x2  
  134  14:45  Overlord  
  113  14:46  Zergling x6  
  113  14:47  Zergling x28  
  96  15:18  Zergling x8  
  96  15:19  Zergling x4  
  101  15:23  Extractor  
  101  15:24  Queen  
  101  15:25  Zergling x2, Extractor  
  101  15:26  Zergling x6  
  101  15:27  Hydralisk x4  
  101  15:28  Hydralisk x2  
  117  15:46  Baneling  
  117  15:47  Baneling x7  
  115  15:54  Zergling x8  
  115  15:56  Zergling x2  
  121  15:57  Zergling x4  
  120  16:07  Lurker  
  120  16:08  Lurker x5  
  120  16:09  Hydralisk  
  120  16:10  Hydralisk x6  
  140  16:14  Baneling  
  140  16:15  Baneling x5  
  140  16:17  Baneling x3  
  140  16:18  Baneling  
  140  16:19  Baneling  
  140  16:23  Baneling x3  
  140  16:39  Zergling x4  
  144  16:40  Zergling x4  
  144  16:45  Overseer x2  
  132  16:47  Lurker x3  
  132  16:51  Corruptor x2  
  132  16:53  Corruptor  
  140  16:59  Baneling x2  
  140  17:00  Baneling x6  
  140  17:13  Spore Crawler  
  140  17:15  Drone x3  
  142  17:16  Spore Crawler  
  142  17:17  Spore Crawler  
  142  17:18  Spore Crawler  
  132  17:41  Hydralisk, Corruptor x4  
  132  17:42  Corruptor  
  144  18:00  Hatchery  
  143  18:13  Nydus Canal  
  143  18:15  Corruptor  
  143  18:16  Corruptor x2  
  135  18:48  Zergling x2  
  135  18:49  Zergling x4  
  135  18:50  Zergling x6  
  140  18:56  Corruptor x2  
  140  18:57  Corruptor x3  
  150  19:10  Nydus Canal  
  150  19:16  Zergling x4  
  153  19:17  Zergling x4  
  153  19:18  Zergling x2  
  153  19:20  Overseer  
  153  19:22  Zerg Missile Weapons Level 3  
  155  19:41  Drone x3  
  158  19:55  Corruptor x3  
  158  19:58  Extractor  
  162  20:02  Extractor  
  161  20:10  Zergling x2  
  161  20:11  Zergling x8  
  161  20:12  Zergling x2  
  161  20:13  Zergling x4  
  169  20:16  Zergling x6  
  149  20:43  Zergling x4  
  149  20:45  Zergling x4  
  149  20:47  Zergling x6  
  149  20:49  Greater Spire  
  154  21:15  Hatchery  
  154  21:17  Extractor  
  150  21:19  Extractor  
  137  22:25  Brood Lord x3  
  137  22:26  Brood Lord x3  
  137  22:27  Brood Lord x2  
  152  22:32  Brood Lord  
  153  22:58  Mutalisk, Zergling x6  
  154  22:59  Mutalisk x2  
  154  23:00  Mutalisk  
  158  23:18  Corruptor x3  
Show
View Real Time Build Order
Export as new Build Order

Overlord Zerg 

Build Orders:  

Get SALT Encoding   

Show
View Real Time Build Order
Export as new Build Order

ForwOOd Zerg 

Build Orders:  

Get SALT Encoding   

Tags
 
Add a new tag
Caveats
  • Supply blocks, unpowered buildings, or Contaminate may cause inaccurate times.
  • Supply counts are checked every 10 seconds.